| TOP OF THE 1ST |
|
Danville Braves batting - Pitching for Ogden Raptors : RHP Keith Birely
|
|
Pitching: RHP Keith Birely
|
|
|
Batting: RHB Danny Dimas
|
0-0: Foul Ball, location: 2F 0-1: Called Strike 0-2: Strikes out swinging
|
|
Batting: LHB Mitsujiro Tanaka
|
0-0: Called Strike 0-1: Called Strike 0-2: Ball 1-2: Ball 2-2: Ball 3-2: Strikes out swinging
|
|
Batting: RHB Carlos Livas
|
0-0: Swinging Strike 0-1: Swinging Strike 0-2: Ball 1-2: Ball 2-2: Ball 3-2: Strikes out swinging
|
| Top of the 1st over - 0 runs, 0 hits, 0 errors, 0 left on base; Danville 0 - Ogden 0 |
| BOTTOM OF THE 1ST |
|
Ogden Raptors batting - Pitching for Danville Braves : RHP Pu-la Yun
|
|
Pitching: RHP Pu-la Yun
|
|
|
Batting: RHB Felipe Rivera
|
0-0: Ground out 5-3 (Groundball, 56S, EV 74.4 MPH)
|
|
Batting: RHB Carlos Gonzalez
|
0-0: Ball 1-0: Ball 2-0: Foul Ball, location: 2F 2-1: Ground out U3 (Groundball, 34S, EV 86.9 MPH)
|
|
Batting: RHB Jerry Sanchez
|
0-0: Swinging Strike 0-1: Called Strike 0-2: Ball 1-2: Ball 2-2: Foul Ball, location: 2F 2-2: Ball 3-2: SOLO HOME RUN (Flyball, 9D, EV 96.2 MPH), Distance : 383 ft
|
|
Batting: LHB Pedro Garza
|
0-0: Swinging Strike 0-1: Ground out 6-3 (Groundball, 4, EV 91.2 MPH)
|
| Bottom of the 1st over - 1 run, 1 hit, 0 errors, 0 left on base; Danville 0 - Ogden 1 |
| TOP OF THE 2ND |
|
Danville Braves batting - Pitching for Ogden Raptors : RHP Keith Birely
|
|
Batting: LHB Diego Garcia
|
0-0: Called Strike 0-1: Ball 1-1: Ground out 6-3 (Groundball, 6, EV 95.6 MPH)
|
|
Batting: RHB Paul Holland
|
0-0: Ball 1-0: Foul Ball, location: 2F 1-1: Called Strike 1-2: Foul Ball, location: 2F 1-2: Ball 2-2: Foul Ball, location: 2F 2-2: Ball 3-2: Base on Balls
|
|
Batting: RHB Roberto Rios
|
0-0: Called Strike 0-1: Ball 1-1: Called Strike Paul Holland is caught stealing 2nd base 2-4 1-2: Foul Ball, location: 2F 1-2: Foul Ball, location: 2F 1-2: Strikes out swinging
|
| Top of the 2nd over - 0 runs, 0 hits, 0 errors, 0 left on base; Danville 0 - Ogden 1 |
| BOTTOM OF THE 2ND |
|
Ogden Raptors batting - Pitching for Danville Braves : RHP Pu-la Yun
|
|
Batting: SHB Javy Franco
|
0-0: Called Strike 0-1: Ball 1-1: SINGLE (Groundball, 4D, EV 108.8 MPH)
|
|
Batting: RHB Mike Kaczor
|
0-0: Ball 1-0: Called Strike 1-1: Ball 2-1: Foul Ball, location: 2F 2-2: Ball 3-2: SINGLE (Groundball, 6MD, EV 109.4 MPH) Javy Franco to second Javy Franco to third
|
|
Batting: SHB Jason Todd
|
0-0: Called Strike 0-1: Ball 1-1: Reached on error, E5 (Groundball, 56, EV 82.5 MPH) Javy Franco scores Mike Kaczor to second
|
|
Batting: RHB Alex Diaz
|
0-0: Ball 1-0: Ball 2-0: Foul Ball, location: 2F 2-1: Swinging Strike 2-2: Strikes out looking
|
|
Batting: RHB Guillermo Puente
|
0-0: Swinging Strike 0-1: Ball 1-1: Ball 2-1: Foul Ball, location: 2F 2-2: Strikes out looking
|
|
Batting: RHB Felipe Rivera
|
0-0: Ball 1-0: Swinging Strike 1-1: Ball 2-1: Ball 3-1: Called Strike 3-2: Base on Balls Mike Kaczor to third Jason Todd to second
|
|
Batting: RHB Carlos Gonzalez
|
0-0: Ball 1-0: Fly out, F8 (Flyball, 8RM, EV 94.4 MPH)
|
| Bottom of the 2nd over - 1 run, 2 hits, 1 error, 3 left on base; Danville 0 - Ogden 2 |
| TOP OF THE 3RD |
|
Danville Braves batting - Pitching for Ogden Raptors : RHP Keith Birely
|
|
Batting: RHB Vicente Guillen
|
0-0: Foul Ball, location: 2F 0-1: Foul Ball, location: 2F 0-2: Foul Ball, location: 2F 0-2: SINGLE (Groundball, 56D, EV 97.5 MPH)
|
|
Batting: RHB Roman Lauder
|
0-0: Ball 1-0: Called Strike 1-1: Ball Wild Pitch! Vicente Guillen to second 2-1: Ball 3-1: Ground out 5-3 (Groundball, 56, EV 93.1 MPH)
|
|
Batting: RHB Mennad Maalik
|
0-0: Called Strike 0-1: Swinging Strike 0-2: Foul Ball, location: 2F 0-2: Foul Ball, location: 2F 0-2: Strikes out swinging
|
|
Batting: RHB Danny Dimas
|
0-0: Called Strike 0-1: Called Strike 0-2: Strikes out swinging
|
| Top of the 3rd over - 0 runs, 1 hit, 0 errors, 1 left on base; Danville 0 - Ogden 2 |
| BOTTOM OF THE 3RD |
|
Ogden Raptors batting - Pitching for Danville Braves : RHP Pu-la Yun
|
|
Batting: RHB Jerry Sanchez
|
0-0: Ball 1-0: Hit by Pitch
|
|
Batting: LHB Pedro Garza
|
0-0: Ball 1-0: Ball 2-0: Called Strike 2-1: TRIPLE (Flyball, 8RXD, EV 105.6 MPH) Jerry Sanchez scores
|
|
Batting: SHB Javy Franco
|
0-0: SINGLE (Groundball, 4D, EV 107.5 MPH) Pedro Garza scores
|
|
Batting: RHB Mike Kaczor
|
0-0: Called Strike Javy Franco steals 2nd base 0-1: Ball 1-1: Foul Ball, location: 2F 1-2: Fly out, F3 (Popup, 3SF, EV 72.5 MPH)
|
|
Batting: SHB Jason Todd
|
0-0: Fly out, F7 (Flyball, 7, EV 85.6 MPH)
|
|
Batting: RHB Alex Diaz
|
0-0: DOUBLE (Line Drive, 9LS, EV 95.6 MPH) Javy Franco scores
|
|
Batting: RHB Guillermo Puente
|
0-0: Called Strike 0-1: Ball 1-1: Ball 2-1: Foul Ball, location: 2F 2-2: Ball 3-2: Strikes out swinging
|
| Bottom of the 3rd over - 3 runs, 3 hits, 0 errors, 1 left on base; Danville 0 - Ogden 5 |
| TOP OF THE 4TH |
|
Danville Braves batting - Pitching for Ogden Raptors : RHP Keith Birely
|
|
Batting: LHB Mitsujiro Tanaka
|
0-0: Ball 1-0: Called Strike 1-1: Ball 2-1: Swinging Strike 2-2: Strikes out swinging
|
|
Batting: RHB Carlos Livas
|
0-0: Swinging Strike 0-1: Ball 1-1: Foul Ball, location: 2F 1-2: Ball 2-2: Ball 3-2: Base on Balls
|
|
Batting: LHB Diego Garcia
|
0-0: Called Strike Carlos Livas steals 2nd base (no throw) 0-1: Called Strike 0-2: Strikes out swinging
|
|
Batting: RHB Paul Holland
|
0-0: Ball 1-0: Ball 2-0: Foul Ball, location: 2F 2-1: Ball 3-1: Base on Balls
|
|
Batting: RHB Roberto Rios
|
0-0: Swinging Strike 0-1: Foul Ball, location: 2F 0-2: Strikes out swinging
|
| Top of the 4th over - 0 runs, 0 hits, 0 errors, 2 left on base; Danville 0 - Ogden 5 |
| BOTTOM OF THE 4TH |
|
Ogden Raptors batting - Pitching for Danville Braves : RHP Pu-la Yun
|
|
Batting: RHB Felipe Rivera
|
0-0: Fly out, F8 (Flyball, 8RD, EV 91.9 MPH)
|
|
Batting: RHB Carlos Gonzalez
|
0-0: Swinging Strike 0-1: Ball 1-1: Foul Ball, location: 2F 1-2: Fly out, F8 (Flyball, 8RS, EV 85.6 MPH)
|
|
Batting: RHB Jerry Sanchez
|
0-0: Called Strike 0-1: Foul Ball, location: 2F 0-2: Ground out 5-3 (Groundball, 56, EV 81.2 MPH)
|
| Bottom of the 4th over - 0 runs, 0 hits, 0 errors, 0 left on base; Danville 0 - Ogden 5 |
| TOP OF THE 5TH |
|
Danville Braves batting - Pitching for Ogden Raptors : RHP Keith Birely
|
|
Batting: RHB Vicente Guillen
|
0-0: Swinging Strike 0-1: Ball 1-1: Called Strike 1-2: Ball 2-2: Ground out 5-3 (Groundball, 56, EV 87.5 MPH)
|
|
Batting: RHB Roman Lauder
|
0-0: Foul Ball, location: 2F 0-1: Foul Ball, location: 2F 0-2: Fly out, F9 (Flyball, 89S, EV 80.6 MPH)
|
|
Batting: RHB Mennad Maalik
|
0-0: Called Strike 0-1: Ball 1-1: Swinging Strike 1-2: Foul Ball, location: 2F 1-2: Strikes out swinging
|
| Top of the 5th over - 0 runs, 0 hits, 0 errors, 0 left on base; Danville 0 - Ogden 5 |
| BOTTOM OF THE 5TH |
|
Ogden Raptors batting - Pitching for Danville Braves : RHP Pu-la Yun
|
|
Batting: LHB Pedro Garza
|
0-0: Ball 1-0: Fly out, F7 (Flyball, 7LM, EV 83.8 MPH)
|
|
Batting: SHB Javy Franco
|
0-0: Ball 1-0: Ball 2-0: Foul Ball, location: 2F 2-1: Swinging Strike 2-2: Ball 3-2: Ground out 1-3 (Groundball, 13S, EV 73.8 MPH)
|
|
Batting: RHB Mike Kaczor
|
0-0: Called Strike 0-1: Ground out 5-3 (Groundball, 56S, EV 86.9 MPH)
|
| Bottom of the 5th over - 0 runs, 0 hits, 0 errors, 0 left on base; Danville 0 - Ogden 5 |
| TOP OF THE 6TH |
|
Danville Braves batting - Pitching for Ogden Raptors : RHP Keith Birely
|
|
Pitching: RHP Jose Diaz
|
|
|
Batting: RHB Danny Dimas
|
0-0: Ball 1-0: Foul Ball, location: 2F 1-1: Ball 2-1: Foul Ball, location: 2F 2-2: Strikes out swinging
|
|
Batting: LHB Mitsujiro Tanaka
|
0-0: Called Strike 0-1: Ball 1-1: Ball 2-1: Ball 3-1: Base on Balls
|
|
Batting: RHB Carlos Livas
|
0-0: Fly out, F8 (Flyball, 8RM, EV 88.8 MPH)
|
|
Batting: LHB Diego Garcia
|
0-0: Ball 1-0: 2-RUN HOME RUN (Flyball, 89XD, EV 113.1 MPH), Distance : 437 ft
|
|
Batting: RHB Paul Holland
|
0-0: Ground out 6-3 (Groundball, 6, EV 86.9 MPH)
|
| Top of the 6th over - 2 runs, 1 hit, 0 errors, 0 left on base; Danville 2 - Ogden 5 |
| BOTTOM OF THE 6TH |
|
Ogden Raptors batting - Pitching for Danville Braves : RHP Pu-la Yun
|
|
Batting: SHB Jason Todd
|
0-0: Bunt for hit to 56S - play at first, batter safe!
|
|
Batting: RHB Alex Diaz
|
0-0: Swinging Strike 0-1: Ball 1-1: Foul Ball, location: 2F 1-2: Hit by Pitch Jason Todd to second
|
|
Pitching: LHP Mohala Kileona
|
|
|
Batting: RHB Guillermo Puente
|
0-0: Swinging Strike 0-1: Foul Ball, location: 2F 0-2: Strikes out looking
|
|
Batting: RHB Felipe Rivera
|
0-0: Called Strike 0-1: Called Strike 0-2: Strikes out swinging
|
|
Batting: RHB Carlos Gonzalez
|
0-0: Called Strike 0-1: Ground out 5-3 (Groundball, 5S, EV 88.1 MPH)
|
| Bottom of the 6th over - 0 runs, 1 hit, 0 errors, 2 left on base; Danville 2 - Ogden 5 |
| TOP OF THE 7TH |
|
Danville Braves batting - Pitching for Ogden Raptors : RHP Jose Diaz
|
|
Batting: RHB Roberto Rios
|
0-0: Ball 1-0: SOLO HOME RUN (Flyball, 78XD, EV 109.4 MPH), Distance : 422 ft
|
|
Pitching: RHP Jeff Lewis
|
|
|
Batting: RHB Vicente Guillen
|
0-0: Called Strike 0-1: Foul Ball, location: 2F 0-2: Foul Ball, location: 2F 0-2: Ball 1-2: Foul Ball, location: 2F 1-2: Strikes out swinging
|
|
Batting: RHB Roman Lauder
|
0-0: Foul Ball, location: 2F 0-1: Ground out 6-3 (Groundball, 6, EV 91.2 MPH)
|
|
Batting: RHB Mennad Maalik
|
0-0: Swinging Strike 0-1: Foul Ball, location: 2F 0-2: Strikes out swinging
|
| Top of the 7th over - 1 run, 1 hit, 0 errors, 0 left on base; Danville 3 - Ogden 5 |
| BOTTOM OF THE 7TH |
|
Ogden Raptors batting - Pitching for Danville Braves : LHP Mohala Kileona
|
|
Batting: RHB Jerry Sanchez
|
0-0: Foul Ball, location: 2F 0-1: Ball 1-1: Ball 2-1: Swinging Strike 2-2: Strikes out swinging
|
|
Batting: LHB Pedro Garza
|
0-0: Foul Ball, location: 2F 0-1: Ball 1-1: Ball 2-1: Ball 3-1: Base on Balls
|
|
Batting: SHB Javy Franco
|
0-0: Called Strike 0-1: Foul Ball, location: 2F 0-2: Ball 1-2: Ball 2-2: Ball 3-2: Fly out, F9 (Flyball, 89S, EV 94.4 MPH)
|
|
Batting: RHB Mike Kaczor
|
0-0: Ground out U3 (Groundball, 34, EV 81.2 MPH)
|
| Bottom of the 7th over - 0 runs, 0 hits, 0 errors, 1 left on base; Danville 3 - Ogden 5 |
| TOP OF THE 8TH |
|
Danville Braves batting - Pitching for Ogden Raptors : RHP Jeff Lewis
|
|
Now at 1B: David Watkins
|
|
|
Now in LF: Kekoa Kahele
|
|
|
Batting: RHB Danny Dimas
|
0-0: Ground out U3 (Groundball, 34, EV 84.4 MPH)
|
|
Batting: LHB Mitsujiro Tanaka
|
0-0: Ball 1-0: Ball 2-0: Ball 3-0: Foul Ball, location: 2F 3-1: Swinging Strike 3-2: Strikes out swinging
|
|
Batting: RHB Carlos Livas
|
0-0: Foul Ball, location: 2F 0-1: SOLO HOME RUN (Line Drive, 78XD, EV 106.9 MPH), Distance : 437 ft
|
|
Batting: LHB Diego Garcia
|
0-0: Ball 1-0: Ball 2-0: SINGLE (Line Drive, 78S, EV 96.9 MPH)
|
|
Pinch Hitting: RHB Richard Saquic
|
0-0: Called Strike 0-1: SINGLE (Groundball, 34D, EV 101.9 MPH) Diego Garcia to second Runner from 2nd tries for 3rd, SAFE, throw by RF made to third
|
|
Batting: RHB Roberto Rios
|
0-0: Called Strike 0-1: Called Strike 0-2: Strikes out swinging
|
| Top of the 8th over - 1 run, 3 hits, 0 errors, 2 left on base; Danville 4 - Ogden 5 |
| BOTTOM OF THE 8TH |
|
Ogden Raptors batting - Pitching for Danville Braves : LHP Mohala Kileona
|
|
Now at 2B: Richard Saquic
|
|
|
Batting: SHB Jason Todd
|
0-0: Called Strike 0-1: Swinging Strike 0-2: Foul Ball, location: 2F 0-2: Foul Ball, location: 2F 0-2: Strikes out swinging
|
|
Batting: RHB Alex Diaz
|
0-0: Ball 1-0: TRIPLE (Flyball, 7D, EV 97.5 MPH)
|
|
Pitching: RHP Orlando Mosqueda
|
|
|
Batting: RHB Guillermo Puente
|
0-0: Foul Ball, location: 2F 0-1: Ball 1-1: Called Strike 1-2: Strikes out swinging
|
|
Batting: RHB Felipe Rivera
|
0-0: Ground out 4-3 (Groundball, 4, EV 82.5 MPH)
|
| Bottom of the 8th over - 0 runs, 1 hit, 0 errors, 1 left on base; Danville 4 - Ogden 5 |
| TOP OF THE 9TH |
|
Danville Braves batting - Pitching for Ogden Raptors : RHP Jeff Lewis
|
|
Pitching: RHP Mike Barnhill
|
|
|
Pinch Hitting: LHB Ivan Castillo
|
0-0: Ground out 5-3 (Groundball, 5L, EV 86.9 MPH)
|
|
Batting: RHB Rodolfo Cosme
|
0-0: Called Strike 0-1: Ball 1-1: Swinging Strike 1-2: Foul Ball, location: 2F 1-2: Strikes out swinging
|
|
Batting: RHB Mennad Maalik
|
0-0: Foul Ball, location: 2F 0-1: Ball 1-1: Swinging Strike 1-2: Ball 2-2: Strikes out swinging
|
| Top of the 9th over - 0 runs, 0 hits, 0 errors, 0 left on base; Danville 4 - Ogden 5 |
|